 Dungeon Crawl Stone Soup version 0.22.0 (webtiles) character file.

25908 Pisosu the Bludgeoner (level 12, 0/115 HPs)
             Began as a Minotaur Berserker on Aug 10, 2018.
             Was a High Priest of Trog.
             Killed from afar by a deep elf mage (26 damage)
             ... with a bolt of lightning
             ... on level 1 of the Elven Halls.
             The game lasted 00:44:35 (15456 turns).

Pisosu the Bludgeoner (Minotaur Berserker)         Turns: 15456, Time: 00:44:36

Health: 0/115      AC: 17    Str: 26    XL:     12   Next: 93%
Magic:  0/3        EV:  8    Int:  4    God:    Trog [*****.]
Gold:   1227       SH:  0    Dex: 11    Spells: 11/11 levels left

rFire    + . .     SeeInvis .   T - +2 dire flail (antimagic)
rCold    . . .     Gourm    .   (shield currently unavailable)
rNeg     . . .     Faith    .   O - +0 plate armour
rPois    .         Spirit   +   (helmet restricted)
rElec    .         Reflect  .   (no cloak)
rCorr    .         Harm     .   P - +0 pair of gloves
MR       .....                  (no boots)
Stlth    ..........             h - amulet of guardian spirit
HPRegen  0.29/turn              g - ring of protection from fire
MPRegen  0.08/turn              (no ring)

@: heavily drained
A: retaliatory headbutt, horns 2
a: Berserk, Trog's Hand, Brothers in Arms, Renounce Religion


You were on level 1 of the Elven Halls.
You worshipped Trog.
Trog was extremely pleased with you.
You were not hungry.

You visited 3 branches of the dungeon, and saw 13 of its levels.
You also visited: Ossuary.

You collected 1227 gold pieces.

Inventory:

Hand Weapons
 k - a +2 flail of venom
 t - a +4 hunting sling
 T - a +2 antimagic dire flail (weapon)
Missiles
 d - 3 curare-tipped needles
 u - 187 stones
 v - 19 poisoned needles
 x - 6 javelins (quivered)
 y - 95 sling bullets
 D - 82 bolts
 N - 5 needles of paralysis
 V - 3 poisoned tomahawks
Armour
 o - a +1 chain mail of magic resistance
 O - a +0 plate armour (worn)
 P - a +0 pair of gloves (worn)
 W - a +2 cloak
Jewellery
 g - a ring of protection from fire (left hand)
 h - an amulet of guardian spirit (around neck)
 w - an uncursed amulet of the acrobat {unknown}
 R - an uncursed ring of magical power {unknown}
 X - a cursed amulet of inaccuracy {unknown}
Wands
 f - a wand of enslavement (15)
 n - a wand of paralysis (10)
 s - a wand of acid (10)
 U - a wand of disintegration (6)
Scrolls
 b - a scroll of fog
 l - 7 scrolls of immolation
 p - a scroll of remove curse
 q - 5 scrolls of enchant weapon
 r - a scroll of silence {unknown}
 C - 2 scrolls of blinking {unknown}
 E - 2 scrolls of magic mapping
 G - a scroll of noise {unknown}
 I - a scroll of teleportation
 L - 2 scrolls of enchant armour {unknown}
 M - a scroll of fear
 Q - 2 scrolls of identify
Potions
 a - 3 potions of haste
 e - 6 potions of curing
 i - 4 potions of lignification {unknown}
 j - 2 potions of mutation {unknown}
 m - 6 potions of flight {unknown}
 z - 4 potions of heal wounds {unknown}
 A - a potion of resistance {unknown}
 F - a potion of invisibility {unknown}
 H - 2 potions of agility {unknown}
 J - 12 potions of degeneration
 K - a potion of might {unknown}
Miscellaneous
 B - a phial of floods
Comestibles
 c - 18 rations
 S - 13 chunks of flesh


   Skills:
 + Level 13.5(12.0) Fighting
 + Level 15.8(14.2) Maces & Flails
 + Level 15.0(13.5) Armour
 - Level 2.5(1.3) Dodging
 - Level 0.1(0.0) Stealth


You had 11 spell levels left.
You didn't know any spells.
Your spell library was empty.

Dungeon Overview and Level Annotations

Branches:
Dungeon (10/15)            Temple (0/1) D:4            Lair (0/6) D:10
    Orc (2/2) D:10            Elf (1/3) Orc:2

Altars:
Ashenzari
Cheibriados
Elyvilon
Hepliaklqana
Kikubaaqudgha
Makhleb
Nemelex Xobeh
Okawaru
Qazlal
Vehumet
Wu Jian
Xom
Zin
The Shining One

Shops:
Orc:2 :*[(

Annotations:
D:4 2 transporters


Innate Abilities, Weirdness & Mutations

You reflexively headbutt those who attack you in melee.
You have a pair of horns on your head.


Message History

a long sword; a ring mail A deep elf mage comes into view.
It is wielding a short sword.
The deep elf mage shouts!
The deep elf mage casts a spell at you. The bolt of lightning hits you! x2
* * * LOW HITPOINT WARNING * * *
The deep elf mage hits you but does no damage.
You puncture the deep elf mage!
The deep elf mage's magic leaks into the air.
The deep elf mage is moderately wounded.
The deep elf mage points at you and mumbles some strange words.
The bolt of lightning misses you.
You sock the deep elf mage!
The deep elf mage's magic leaks into the air.
The deep elf mage is heavily wounded.
Your plate armour prevents you from hitting the deep elf mage.
The deep elf mage is heavily wounded.
The deep elf mage casts a spell at you. The bolt of lightning hits you!
You die...

#.........#
#....
#....)..##
#.%..
####.#.####
#....
#..)..))..#
#....
##.##...##.##
#....
#..#######[.#
#.... #.##
##.# ##...
#..# #..#
....# ##@#
##.##......
#e.#
#..##......
##.#
###)###.....#
.. #...#
#....##
##.#.###
#...# #.#.#
#.#.# #.#.#
##...##


You could see a deep elf mage.

Vanquished Creatures
  8 two-headed ogres
  2 ogre magi (Orc:2)
  3 death yaks
  2 deep trolls
  An orc knight (Orc:1)
  7 deep elf magi (Elf:1)
  4 cyclopes
  Maurice (Orc:1)
  A centaur skeleton (D:10)
  11 trolls
  A hornet (D:10)
  2 hungry ghosts (D:10)
  5 wargs
  4 vampire mosquitoes (D:9)
  2 soldier ants (D:10)
  A water moccasin (D:10)
  A porcupine (D:10)
  2 phantoms
  A swamp drake (D:10)
  5 ice beasts
  15 orc warriors
  A necrophage (D:6)
  22 ogres
  5 bullfrogs
  A wyvern skeleton (D:8)
  2 scorpions
  2 killer bees
  7 howler monkeys
  4 wights
  A jelly (D:10)
  A crimson imp (D:10)
  2 bullfrog zombies (D:10)
  2 centaur zombies
  An iron imp (D:8)
  11 orc priests
  6 hounds
  16 orc wizards
  A gnoll shaman (D:8)
  A hell rat (D:10)
  An iguana (D:6)
  9 worker ants
  A big kobold zombie (Ossuary)
  3 mummies (Ossuary)
  A worker ant zombie (D:10)
  Robin (D:3)
  6 gnolls (D:5)
  11 adders
  A river rat (D:10)
  3 shadow imps
  2 adder skeletons
  3 worms
  A dart slug (D:3)
  4 leopard geckos
  61 orcs
  3 ball pythons
  8 giant cockroaches
  2 gnoll zombies (Ossuary)
  18 goblins
  10 hobgoblins
  16 jackals
  7 quokkas
  8 bats
  8 frilled lizards
  A goblin skeleton (D:8)
  3 goblin zombies
  3 hobgoblin zombies
  8 kobolds
  A kobold skeleton (D:8)
  2 kobold zombies (Ossuary)
  An orc skeleton (D:8)
  An orc zombie (Ossuary)
  9 rats
382 creatures vanquished.

Vanquished Creatures (others)
  2 centaurs (D:8)
  A killer bee (D:10)
  An orc priest (D:8)
  An iguana (D:8)
  2 worker ants (D:8)
  A howler monkey zombie (D:8)
  2 quokkas
10 creatures vanquished.

Grand Total: 392 creatures vanquished

Notes
Turn   | Place    | Note
-------+----------+-------------------------------------------
     0 | D:1      | Pisosu the Minotaur Berserker began the quest for the Orb.
     0 | D:1      | Reached XP level 1. HP: 19/19 MP: 0/0
    85 | D:1      | Reached XP level 2. HP: 20/27 MP: 1/1
   348 | D:1      | Reached ** piety under Trog
   513 | D:1      | Reached XP level 3. HP: 28/33 MP: 2/2
   828 | D:2      | Found a sparkling altar of Nemelex Xobeh.
  1045 | D:2      | Noticed a phantom
  1087 | D:2      | Killed a phantom
  1087 | D:2      | Reached skill level 5 in Fighting
  1087 | D:2      | Reached skill level 5 in Maces & Flails
  1087 | D:2      | Reached XP level 4. HP: 5/42 MP: 1/3
  1087 | D:2      | Reached XP level 5. HP: 6/48 MP: 1/4
  1616 | D:3      | Noticed Robin
  1720 | D:3      | Killed Robin
  1868 | D:3      | Found an ornate altar of the Wu Jian Council.
  1878 | D:3      | Reached *** piety under Trog
  2336 | D:3      | Found a stormy altar of Qazlal.
  2410 | D:4      | Reached XP level 6. HP: 56/56 MP: 5/5
  2496 | D:4      | Found a transporter.
  2565 | D:4      | Found a transporter.
  2849 | D:4      | Found a staircase to the Ecumenical Temple.
  3222 | D:4      | Found a shattered altar of Ashenzari.
  3260 | D:5      | Entered Level 5 of the Dungeon
  3262 | D:5      | Reached **** piety under Trog
  3262 | D:5      | Reached skill level 5 in Armour
  3262 | D:5      | Reached XP level 7. HP: 51/62 MP: 4/6
  4364 | D:6      | Found a radiant altar of Vehumet.
  4418 | D:6      | Found a snail-covered altar of Cheibriados.
  4418 | D:6      | Found a white marble altar of Elyvilon.
  4420 | D:6      | Found a hazy altar of Hepliaklqana.
  4427 | D:6      | Reached XP level 8. HP: 47/71 MP: 5/7
  4776 | D:6      | Found an iron altar of Okawaru.
  4862 | D:6      | Found a white marble altar of Elyvilon.
  5179 | D:7      | You fall through a shaft!
  5203 | D:8      | Found a sand-covered staircase.
  5207 | Ossuary  | Entered an ossuary
  5256 | Ossuary  | Reached ***** piety under Trog
  5453 | D:8      | Reached skill level 10 in Maces & Flails
  5506 | D:8      | Found a glowing golden altar of the Shining One.
  5756 | D:8      | Reached XP level 9. HP: 79/79 MP: 8/8
  5770 | D:8      | Found a shimmering altar of Xom.
  6043 | D:8      | Found a glowing silver altar of Zin.
  6986 | D:9      | Found an ancient bone altar of Kikubaaqudgha.
  7157 | D:10     | Entered Level 10 of the Dungeon
  7175 | D:10     | Noticed a troll
  7175 | D:10     | Noticed a cyclops
  7175 | D:10     | Noticed a cyclops
  7197 | D:9      | Killed a troll
  7484 | D:9      | Killed a cyclops
  7484 | D:9      | Received a gift from Trog
  8064 | D:9      | Reached XP level 10. HP: 57/90 MP: 6/9
  8306 | D:10     | Reached skill level 10 in Armour
  8443 | D:10     | Received a gift from Trog
  8742 | D:10     | Found a staircase to the Orcish Mines.
  8859 | D:10     | Found a staircase to the Lair.
  8859 | D:10     | Noticed a death yak
  8862 | D:10     | Noticed a death yak
  8862 | D:10     | Noticed a death yak
  8901 | D:9      | Killed a death yak
  9225 | D:10     | Killed a cyclops
  9225 | D:10     | Reached skill level 10 in Fighting
  9439 | D:10     | Killed a death yak
  9439 | D:10     | Reached XP level 11. HP: 54/101 MP: 0/10
  9445 | D:10     | Killed a death yak
  9677 | Orc:1    | Entered Level 1 of the Orcish Mines
  9895 | Orc:1    | Found a burning altar of Makhleb.
 10455 | Orc:1    | Noticed an orc knight
 10462 | Orc:1    | Killed an orc knight
 10927 | Orc:2    | Entered Level 2 of the Orcish Mines
 11411 | Orc:2    | Noticed a two-headed ogre
 11411 | Orc:2    | Noticed a two-headed ogre
 11412 | Orc:2    | Noticed a two-headed ogre
 11412 | Orc:2    | Noticed a two-headed ogre
 11811 | Orc:2    | Noticed an ogre mage
 11815 | Orc:2    | Killed an ogre mage
 11815 | Orc:2    | Noticed a two-headed ogre
 12228 | Orc:2    | Noticed a two-headed ogre
 12261 | Orc:2    | Noticed a deep troll
 12268 | Orc:1    | Killed a deep troll
 12442 | Orc:2    | Noticed a two-headed ogre
 12451 | Orc:1    | Killed a two-headed ogre
 12561 | Orc:2    | Killed a two-headed ogre
 12745 | Orc:1    | Reached skill level 15 in Maces & Flails
 12745 | Orc:1    | Reached XP level 12. HP: 68/112 MP: 2/11
 13163 | D:10     | Killed a two-headed ogre
 13163 | D:10     | Received a gift from Trog
 13170 | D:10     | Killed a two-headed ogre
 13796 | Orc:2    | Noticed a two-headed ogre
 13865 | Orc:2    | Noticed Maurice
 14007 | Orc:2    | Noticed an ogre mage
 14021 | Orc:1    | Killed Maurice
 14178 | Orc:1    | Killed a two-headed ogre
 14309 | Orc:2    | Found a staircase to the Elven Halls.
 14517 | Orc:2    | Killed a two-headed ogre
 14584 | Orc:2    | Found Qysomoc's Weapon Shop.
 14612 | Orc:2    | Found Lanei's Assorted Antiques.
 14613 | Orc:2    | Found Vuqugrei's Book Emporium.
 14622 | Orc:2    | Found Veniejyit's Antique Armour Boutique.
 14635 | Orc:2    | Killed a two-headed ogre
 14830 | Orc:2    | Killed an ogre mage
 14874 | Orc:2    | Killed a two-headed ogre
 15215 | Orc:2    | Upgraded the game from 0.22-b1-59-g0aedee734a to 0.22.0
 15275 | Elf:1    | Entered Level 1 of the Elven Halls
 15333 | Elf:1    | Found a radiant altar of Vehumet.
 15375 | Elf:1    | Reached skill level 15 in Armour
 15456 | Elf:1    | Killed from afar by a deep elf mage

Skill      XL: |  1  2  3  4  5  6  7  8  9 10 11 12 |
---------------+-------------------------------------+-----
Maces & Flails | 4 5 6 7 8 10 12 13 15 | 15.8
Fighting       | 4 5 6 7 8 10 12 13 | 13.5
Armour         | 3 4 5 6 8 9 11 13 15 | 15.0
Dodging        | |  2.5
Stealth        | |  0.1

Action                   |  1- 3 |  4- 6 |  7- 9 | 10-12 || total
-------------------------+-------+-------+-------+-------++-------
Melee: Mace              |    64 |       |       |       ||    64
       Headbutt          |     8 |    19 |    63 |   117 ||   207
       Flail             |    19 |   149 |   303 |    95 ||   566
       Dire flail        |       |       |       |   459 ||   459
 Fire: Hunting sling     |       |     2 |       |    30 ||    32
Invok: Berserk           |       |       |       |     6 ||     6
       Trog's Hand       |       |       |       |     1 ||     1
  Use: Scroll            |       |       |    15 |     1 ||    16
  Eat: Chunk             |       |     8 |    12 |    24 ||    44
       Ration            |       |       |     2 |     2 ||     4
Armor: Animal skin       |     8 |       |       |       ||     8
       Chain mail        |    18 |    95 |    87 |       ||   200
       Plate armour      |       |       |   121 |   272 ||   393
Dodge: Dodged            |    60 |    68 |   156 |   191 ||   475
